AoeStats
← Generation Kill

Black Forest

509668973Analyzed
4v4 RM · 6d ago on Sep 27, 2026· 52m 55s· 8 players
Game mode
Random Map
Map size
Large (8 player)
Population
200
Speed
Normal
Resources
Standard
Victory
Conquest
Starting age
Dark Age
Ending age
Imperial Age
RankedLock teamsTeams togetherTeam positionsShared explorationLock speedFull tech treeHidden civsTurbo modeCheats
Victory
Defeat
🇦🇷 Malay · Argentina
1181
+16
🇦🇺 Dravidians · Australia
1137
+18
🇹🇼 Saracens · Taiwan
1120
+19
🇭🇰 Hindustanis · Hong Kong SAR China
1114
+19
🇵🇹 Goths · Portugal
1231
-21
🇲🇽 Italians · Mexico
1169
-17
🇸🇪 Varangians · Sweden
1168
-17
🇨🇦 Britons · Canada
1163
-17
Sebastián
0:27 Loom
14:19 Feudal Age
18:44 Castle Age
18:47 Double-Bit Axe
18:55 Gold Mining
18:47 Horse Collar
19:01 Fletching
20:29 Bow Saw
32:59 Imperial Age
31:10 Wheelbarrow
31:34 Masonry
31:53 Stone Mining
32:30 Padded Archer Armor
32:40 Heavy Plow
34:40 Chemistry
34:12 Hand Cart
34:15 Bow Saw
34:39 Crop Rotation
35:03 Pirotechnia
35:16 Conscription
38:02 Leather Archer Armor
45:49 Stone Shaft Mining
45:24 Pikeman
47:28 Scale Mail Armor
47:39 Forging
48:26 Chain Mail Armor
48:35 Caravan
51:44 Elite Skirmisher
Philippe6390
0:27 Loom
13:16 Feudal Age
17:34 Wheelbarrow
40:41 Castle Age
38:48 Double-Bit Axe
38:51 Horse Collar
42:39 Fletching
43:41 Hand Cart
44:03 Elite Skirmisher
44:48 Squires
49:34 Bodkin Arrow
50:22 Padded Archer Armor
50:47 Stone Mining
50:48 Gold Mining
Imperator [st]
4:03 Loom
10:32 Feudal Age
16:42 Castle Age
16:09 Double-Bit Axe
19:37 Wheelbarrow
22:22 Squires
26:43 Imperial Age
24:11 Gold Mining
24:33 Bow Saw
24:55 Forging
24:50 Scale Mail Armor
26:02 Anarchy
27:48 Conscription
28:10 Perfusion
28:26 Man-at-Arms
29:48 Iron Casting
29:29 Chain Mail Armor
28:54 Long Swordsman
29:40 Horse Collar
29:39 Two-Handed Swordsman
32:58 Blast Furnace
31:22 Champion
33:05 Elite Huskarl
37:58 Pikeman
38:32 Halberdier
Generation Kill
10:30 Feudal Age
16:44 Castle Age
14:45 Double-Bit Axe
15:18 Scale Mail Armor
15:30 Horse Collar
17:22 Forging
25:15 Bloodlines
25:31 Bow Saw
27:31 Heavy Plow
28:23 Wheelbarrow
32:10 Imperial Age
31:11 Hand Cart
30:44 Town Watch
30:45 Loom
32:34 Husbandry
32:53 Cavalier
34:29 Scale Barding Armor
36:07 Vendel Legacy
40:18 Two-Man Saw
38:54 Heavy Scorpion
41:22 Ballistics
41:09 Siege Engineers
42:23 Chemistry
42:01 Conscription
43:03 Town Patrol
46:15 Light Cavalry
50:52 Siege Engineers
CrisTheOne
7:15 Loom
10:06 Feudal Age
9:33 Man-at-Arms
13:04 Arson
22:19 Forging
27:15 Castle Age
26:24 Long Swordsman
27:04 Squires
28:23 Double-Bit Axe
28:21 Horse Collar
29:20 Wheelbarrow
28:31 Town Watch
44:14 Imperial Age
41:42 Gold Mining
41:46 Stone Mining
42:15 Pikeman
44:47 Two-Handed Swordsman
46:53 Conscription
46:47 Heavy Plow
47:12 Hand Cart
47:23 Halberdier
48:43 Forced Levy
49:55 Iron Casting
ThisIsGood
12:24 Feudal Age
14:13 Loom
14:22 Loom
17:44 Castle Age
16:36 Double-Bit Axe
17:05 Horse Collar
21:50 Bloodlines
22:06 Forging
24:06 Scale Barding Armor
28:14 Gold Mining
30:21 Wheelbarrow
32:07 Bow Saw
33:23 Gold Shaft Mining
36:32 Imperial Age
34:40 Padded Archer Armor
34:32 Fletching
35:46 Hand Cart
38:16 Two-Man Saw
37:17 Bodkin Arrow
37:50 Elite Mameluke
40:18 Conscription
40:18 Bracer
41:18 Ballistics
42:08 Chemistry
41:35 Chain Barding Armor
48:50 Thumb Ring
49:12 Leather Archer Armor
50:57 Husbandry
50:23 Onager
52:24 Ring Archer Armor
HeHe
12:23 Feudal Age
13:33 Double-Bit Axe
13:31 Horse Collar
16:06 Castle Age
15:55 Stone Mining
17:21 Wheelbarrow
16:50 Heavy Plow
17:05 Bow Saw
18:45 Heavy Plow
30:04 Imperial Age
27:53 Hand Cart
27:23 Loom
27:38 Town Watch
28:08 Masonry
27:59 Gold Mining
29:23 Squires
29:09 Arson
29:59 Scale Barding Armor
30:36 Caravan
31:07 Coinage
31:53 Gold Shaft Mining
31:55 Stone Shaft Mining
31:41 Bloodlines
31:32 Husbandry
31:15 Heavy Camel Rider
32:11 Siege Engineers
32:42 Light Cavalry
33:21 Imperial Camel Rider
34:32 Forging
34:42 Chain Barding Armor
35:57 Chemistry
35:17 Ballistics
34:53 Murder Holes
36:06 Two-Man Saw
36:03 Banking
36:29 Conscription
36:10 Grand Trunk Road
36:33 Hussar
38:54 Iron Casting
38:58 Plate Barding Armor
38:17 Fletching
41:18 Fervor
45:43 Blast Furnace
44:39 Bodkin Arrow
44:44 Padded Archer Armor
48:29 Hoardings
Keanoob Reeves
4:01 Loom
9:36 Feudal Age
14:09 Castle Age
14:09 Double-Bit Axe
21:59 Horse Collar
22:58 Bow Saw
24:07 Heavy Plow
25:50 Wheelbarrow
26:48 Gold Mining
26:48 Stone Mining
27:19 Hand Cart
31:58 Imperial Age
29:22 Fletching
29:32 Padded Archer Armor
29:59 Ballistics
30:23 Thumb Ring
30:14 Bodkin Arrow
33:45 Chemistry
32:18 Elite Elephant Archer
32:59 Bracer
33:45 Leather Archer Armor
34:48 Caravan
35:32 Bombard Tower
36:47 Two-Man Saw
37:59 Ring Archer Armor
38:46 Elite Urumi Swordsman
39:47 Wootz Steel
39:49 Man-at-Arms
40:14 Gambesons
40:29 Squires
40:15 Arson
42:06 Long Swordsman
42:56 Two-Handed Swordsman
43:38 Scale Mail Armor
43:48 Forging
44:02 Champion
44:59 Chain Mail Armor
46:45 Elite Skirmisher
Connection lost

Rejoining the realm…

Still unreachable

The connection could not be restored.

Session expired

The server has moved on; the page needs a fresh start.